Erie Otters vs Ste. Rose Royals
Created - Wednesday, July 5, 2023 at 07:37
Goals
|
| Erie Otters |
0 |
2 |
2 |
4 |
| Ste. Rose Royals |
0 |
2 |
1 |
3 |
|
Shots
|
| Erie Otters |
5 |
13 |
13 |
31 |
| Ste. Rose Royals |
10 |
24 |
9 |
43 |
|
1st period
No Goal
Penalties :
Aaron Luchuk (ERO) for Roughing (Minor) at 2:50, Libor Hajek (BWK) for High sticking (Double Minor) at 5:46, Libor Hajek (BWK) for Roughing (Double Minor) at 13:51
2nd period
1. Erie Otters , Andy Andreoff 2 (Paul Cotter 5, Michael Eyssimont 3) at 1:51
2. Ste. Rose Royals , Trevor Lewis 4 (Colin Blackwell 3) at 4:30
3. Erie Otters , Trent Frederic 5 (Alex Newhook 8) at 5:02 (PP)
4. Ste. Rose Royals , Brendan Perlini 2 (Mike Reilly 4) at 11:06
Penalties :
Mike Reilly (BWK) for Roughing (Minor) at 4:47, Brendan Guhle (BWK) for Fighting (Major) at 7:02, Alec McCrea (ERO) for Fighting (Major) at 7:02, Alec McCrea (ERO) for instigated a fight (Minor) at 7:02, Alec McCrea (ERO) for instigated a fight (10 Minutes Misconduct) at 7:02
3rd period
5. Erie Otters , Trent Frederic 6 (Mitchell Chaffee 5, Alex Biega 4) at 2:06 (PP)
6. Ste. Rose Royals , Colin Blackwell 1 (Ryan Poehling 3, Joel Hanley 2) at 10:10 (PP)
7. Erie Otters , Sampo Ranta 2 (Aaron Luchuk 1) at 19:35
Penalties :
Nathan Beaulieu (BWK) for High sticking (Minor) at 1:04, Nathan Beaulieu (BWK) for Fighting (Major) at 2:09, Trent Frederic (ERO) for Fighting (Major) at 2:09, Matthew Peca (BWK) for Fighting (Major) at 3:43, Paul Cotter (ERO) for Fighting (Major) at 3:43, Grigori Denisenko (BWK) for Tripping (Minor) at 5:21, Brendan Guhle (BWK) for Fighting (Major) at 8:27, Alex Petrovic (ERO) for Fighting (Major) at 8:27, Ty Ronning (ERO) for Hooking (Minor) at 9:41, Trent Frederic (ERO) for Hooking (Minor) at 10:19
Goalie Stats
Keith Kinkaid (ERO), 40 saves from 43 shots - (0.930), W, 3-2-0, 60:00 minutes
Cayden Primeau (BWK), 27 saves from 31 shots - (0.871), L, 2-3-0, 60:00 minutes
Players Stats for Erie Otters
Player Name G A P +/- PIM S H SB GA TA FO MP PP MP PK MP
------------------------------------------------------------------------------------
Aaron Luchuk 0 1 1 0 2 0 0 0 0 0 4/7 10:41 0:07 0:00
Aaron Ness 0 0 0 0 0 0 0 1 0 1 0/0 19:30 4:54 3:22
Abbott Girduckis 0 0 0 0 0 0 0 0 0 1 0/6 7:03 0:00 0:00
Adam Brubacher 0 0 0 0 0 1 1 0 0 0 0/0 15:58 1:04 1:59
Alec McCrea 0 0 0 1 17 1 1 0 0 0 0/0 15:01 4:54 2:12
Alex Biega 0 1 1 0 0 1 1 1 0 1 0/0 26:24 5:16 3:04
Alex Gallant 0 0 0 0 0 1 0 0 0 0 0/0 7:03 0:00 0:00
Alex Newhook 0 1 1 -1 0 4 2 0 1 0 11/26 20:39 5:18 2:58
Alex Petrovic 0 0 0 -1 5 0 0 0 0 1 0/0 25:24 5:16 2:03
Alex-Olivier Voyer 0 0 0 0 0 1 2 0 1 1 0/0 10:34 1:41 1:18
Andy Andreoff 1 0 1 1 0 3 2 2 0 0 8/17 19:58 4:36 2:54
Kevin Davis 0 0 0 0 0 2 1 1 0 1 0/0 16:50 1:04 0:12
Michael Eyssimont 0 1 1 1 0 1 4 0 0 0 0/2 18:23 4:42 0:58
Mitchell Chaffee 0 1 1 -1 0 2 2 1 1 1 0/0 20:01 5:11 2:37
Paul Cotter 0 1 1 1 5 2 0 1 0 0 0/1 14:58 3:44 0:00
Sampo Ranta 1 0 1 0 0 4 2 0 1 0 0/1 15:00 2:31 0:03
Trent Frederic 2 0 2 -1 7 5 0 2 2 1 0/0 17:11 4:04 2:04
Ty Ronning 0 0 0 0 2 3 1 1 1 0 0/0 12:49 1:48 0:00
Players Stats for Ste. Rose Royals
Player Name G A P +/- PIM S H SB GA TA FO MP PP MP PK MP
------------------------------------------------------------------------------------
Brendan Guhle 0 0 0 0 10 0 3 2 0 0 0/0 13:38 0:00 2:58
Brendan Perlini 1 0 1 1 0 4 2 0 0 1 0/0 11:48 0:12 1:49
Colin Blackwell 1 1 2 0 0 6 4 1 0 0 10/23 18:50 3:20 4:50
Derek Ryan 0 0 0 -1 0 3 3 0 0 0 15/19 19:47 2:52 4:48
Grigori Denisenko 0 0 0 0 2 5 2 0 1 0 1/2 10:30 0:03 0:37
Jaycob Megna 0 0 0 1 0 3 0 1 1 1 0/0 24:28 3:07 5:34
Joel Armia 0 0 0 -1 0 4 3 2 2 1 1/3 19:38 2:54 4:35
Joel Hanley 0 1 1 -1 0 1 0 0 1 0 0/0 21:57 3:19 4:15
Kaapo Kakko 0 0 0 -1 0 3 1 1 0 0 2/4 19:38 2:54 4:35
Klim Kostin 0 0 0 1 0 1 5 0 0 0 1/1 11:17 0:00 1:17
Kristian Vesalainen 0 0 0 0 0 2 2 0 0 0 0/0 9:44 0:00 0:00
Libor Hajek 0 0 0 0 8 0 0 1 0 0 0/0 13:44 0:00 0:00
Matthew Peca 0 0 0 1 5 0 2 0 1 0 2/2 9:19 0:14 0:00
Mike Reilly 0 1 1 1 2 2 2 0 1 0 0/0 24:40 3:07 5:37
Nathan Beaulieu 0 0 0 -1 7 2 4 2 0 2 0/0 21:07 3:19 3:38
Ryan Poehling 0 1 1 0 0 4 2 0 0 1 2/3 15:10 3:20 0:34
Tanner Fritz 0 0 0 0 0 1 3 0 1 0 3/3 9:44 0:00 0:00
Trevor Lewis 1 0 1 0 0 2 2 1 0 1 0/0 13:49 3:29 0:00
3 Stars
1 - Colin Blackwell (BWK)
2 - Andy Andreoff (ERO)
3 - Keith Kinkaid (ERO)
Power Play
Erie Otters - 2 on 7 Attempt(s) - 28.57%
Ste. Rose Royals - 1 on 4 Attempt(s) - 25.00%
Penalty Kill
Erie Otters - 3 on 4 Attempt(s) - 75.00%
- Score 0 goal in Penalty Kill
Ste. Rose Royals - 5 on 7 Attempt(s) - 71.43%
- Score 0 goal in Penalty Kill
Team Stat
Erie Otters - Hits : 19 - Faceoff Wins : 23 - Blocked Shots : 10 - Penalty Minutes : 38
Ste. Rose Royals - Hits : 40 - Faceoff Wins : 37 - Blocked Shots : 11 - Penalty Minutes : 34
Official
Referees : Trevor Hanson and Kelly Sutherland
Linesman : Jonny Murray and David Brisebois
Game Notes
Brendan Guhle beats up Alec McCrea at 7:02 of 2nd period
Nathan Beaulieu and Trent Frederic fight to a draw at 2:09 of 3rd period
Paul Cotter beats up Matthew Peca at 3:43 of 3rd period
Brendan Guhle beats up Alex Petrovic at 8:27 of 3rd period
Erie Otters
5 vs 5 Forward
Center Left Wing Right Wing Time % Phy DF OF
1 Alex Newhook Trent Frederic Mitchell Chaffee 30 1 2 2
2 Andy Andreoff Michael Eyssimont Paul Cotter 30 1 2 2
3 Aaron Luchuk Sampo Ranta Ty Ronning 25 1 2 2
4 Abbott Girduckis Alex Gallant Alex-Olivier Voyer 15 1 2 2
5 vs 5 Defense
Defense Defense Time % Phy DF OF
1 Alex Biega Alex Petrovic 30 1 2 2
2 Aaron Ness Alec McCrea 30 1 2 2
3 Kevin Davis Adam Brubacher 25 1 2 2
4 Alex Biega Alex Petrovic 15 1 2 2
PowerPlay Forward
Center Left Wing Right Wing Time % Phy DF OF
1 Alex Newhook Trent Frederic Mitchell Chaffee 50 1 2 2
2 Andy Andreoff Michael Eyssimont Paul Cotter 50 1 2 2
PowerPlay Defense
Defense Defense Time % Phy DF OF
1 Alex Biega Alex Petrovic 50 1 2 2
2 Aaron Ness Alec McCrea 50 1 2 2
Penalty Kill 4 Players Forward
Center Wing Time % Phy DF OF
1 Alex Newhook Trent Frederic 50 1 2 2
2 Andy Andreoff Mitchell Chaffee 50 1 2 2
Penalty Kill 4 Players Defense
Defense Defense Time % Phy DF OF
1 Alex Biega Alex Petrovic 50 1 2 2
2 Aaron Ness Alec McCrea 50 1 2 2
Penalty Kill - 3 Players Forward
Forward Time % Phy DF OF
1 Alex Newhook 50 1 2 2
2 Trent Frederic 50 1 2 2
Penalty Kill - 3 Players Defense
Defense Defense Time % Phy DF OF
1 Alex Biega Alex Petrovic 50 1 2 2
2 Aaron Ness Alec McCrea 50 1 2 2
4 vs 4 Forward
Center Wing Time % Phy DF OF
1 Alex Newhook Trent Frederic 50 1 2 2
2 Andy Andreoff Mitchell Chaffee 50 1 2 2
4 vs 4 Defense
Defense Defense Time % Phy DF OF
1 Alex Biega Alex Petrovic 50 1 2 2
2 Aaron Ness Alec McCrea 50 1 2 2
Last Minutes Offensive
Center Left Wing Right Wing Defense Defense
Alex Newhook Trent Frederic Mitchell Chaffee Alex Biega Alex Petrovic
Last Minutes Defensive
Center Left Wing Right Wing Defense Defense
Alex Newhook Trent Frederic Mitchell Chaffee Alex Biega Alex Petrovic
Goaltenders
Starting : Keith Kinkaid
Backup : Adam Werner
Extra Forwards
Normal : Sampo Ranta, Ty Ronning, Alex-Olivier Voyer - PP : Sampo Ranta, Ty Ronning - PK : Alex-Olivier Voyer
Extra Defensemen
Normal : Kevin Davis, Adam Brubacher, Aaron Ness - PP : Kevin Davis - PK : Adam Brubacher, Aaron Ness
Penalty Shots
Alex Newhook, Trent Frederic, Andy Andreoff, Mitchell Chaffee, Michael Eyssimont
Ste. Rose Royals
5 vs 5 Forward
Center Left Wing Right Wing Time % Phy DF OF
1 Derek Ryan Joel Armia Kaapo Kakko 30 1 2 2
2 Colin Blackwell Ryan Poehling Trevor Lewis 30 1 2 2
3 Matthew Peca Brendan Perlini Klim Kostin 25 1 2 2
4 Tanner Fritz Grigori Denisenko Kristian Vesalainen 15 1 2 2
5 vs 5 Defense
Defense Defense Time % Phy DF OF
1 Jaycob Megna Mike Reilly 35 1 2 2
2 Nathan Beaulieu Joel Hanley 35 1 2 2
3 Libor Hajek Brendan Guhle 30 1 2 2
4 Jaycob Megna Mike Reilly 0 1 2 2
PowerPlay Forward
Center Left Wing Right Wing Time % Phy DF OF
1 Derek Ryan Joel Armia Kaapo Kakko 50 1 2 2
2 Colin Blackwell Ryan Poehling Trevor Lewis 50 1 2 2
PowerPlay Defense
Defense Defense Time % Phy DF OF
1 Jaycob Megna Mike Reilly 50 1 2 2
2 Nathan Beaulieu Joel Hanley 50 1 2 2
Penalty Kill 4 Players Forward
Center Wing Time % Phy DF OF
1 Kaapo Kakko Joel Armia 50 1 2 2
2 Derek Ryan Colin Blackwell 50 1 2 2
Penalty Kill 4 Players Defense
Defense Defense Time % Phy DF OF
1 Jaycob Megna Mike Reilly 50 1 2 2
2 Nathan Beaulieu Joel Hanley 50 1 2 2
Penalty Kill - 3 Players Forward
Forward Time % Phy DF OF
1 Kaapo Kakko 50 1 2 2
2 Joel Armia 50 1 2 2
Penalty Kill - 3 Players Defense
Defense Defense Time % Phy DF OF
1 Jaycob Megna Mike Reilly 50 1 2 2
2 Nathan Beaulieu Joel Hanley 50 1 2 2
4 vs 4 Forward
Center Wing Time % Phy DF OF
1 Kaapo Kakko Joel Armia 50 1 2 2
2 Derek Ryan Colin Blackwell 50 1 2 2
4 vs 4 Defense
Defense Defense Time % Phy DF OF
1 Jaycob Megna Mike Reilly 50 1 2 2
2 Nathan Beaulieu Joel Hanley 50 1 2 2
Last Minutes Offensive
Center Left Wing Right Wing Defense Defense
Derek Ryan Joel Armia Kaapo Kakko Jaycob Megna Mike Reilly
Last Minutes Defensive
Center Left Wing Right Wing Defense Defense
Derek Ryan Joel Armia Kaapo Kakko Jaycob Megna Mike Reilly
Goaltenders
Starting : Cayden Primeau
Backup : Erik Kallgren
Extra Forwards
Normal : Matthew Peca, Brendan Perlini, Klim Kostin - PP : Matthew Peca, Brendan Perlini - PK : Klim Kostin
Extra Defensemen
Normal : Libor Hajek, Brendan Guhle, Nathan Beaulieu - PP : Libor Hajek - PK : Brendan Guhle, Nathan Beaulieu
Penalty Shots
Kaapo Kakko, Joel Armia, Derek Ryan, Colin Blackwell, Trevor Lewis
% Time on Ice - Erie Otters
Lines # - Real PCT - Wanted PCT - Time Play
Normal Forward
1 - 29% - 30% - 12:01
2 - 29% - 30% - 12:18
3 - 25% - 25% - 10:34
4 - 17% - 15% - 7:03
Normal Defense
1 - 32% - 30% - 13:32
2 - 30% - 30% - 12:30
3 - 25% - 25% - 10:31
4 - 13% - 15% - 5:23
PP Forward
1 - 52% - 50% - 5:52
2 - 48% - 50% - 5:22
PP Defense
1 - 51% - 50% - 5:47
2 - 49% - 50% - 5:27
PK Forward
1 - 57% - 50% - 3:41
2 - 43% - 50% - 2:45
PK Defense
1 - 50% - 50% - 3:13
2 - 50% - 50% - 3:13
PK3 Forward
1 - 0% - 50%
2 - 0% - 50%
PK3 Defense
1 - 0% - 50%
2 - 0% - 50%
44 Forward
1 - 0% - 50%
2 - 0% - 50%
44 Defense
1 - 0% - 50%
2 - 0% - 50%
Last Minute Offensive - 0:00
Last Minute Defensive - 0:24
Total
Forward - 60:00
Defense - 60:00
|
% Time on Ice - Ste. Rose Royals
Lines # - Real PCT - Wanted PCT - Time Play
Normal Forward
1 - 28% - 30% - 11:45
2 - 26% - 30% - 10:48
3 - 23% - 25% - 9:39
4 - 23% - 15% - 9:44
Normal Defense
1 - 37% - 35% - 15:23
2 - 32% - 35% - 13:34
3 - 31% - 30% - 12:59
4 - 0% - 0% - 0:00
PP Forward
1 - 45% - 50% - 2:54
2 - 55% - 50% - 3:32
PP Defense
1 - 48% - 50% - 3:07
2 - 52% - 50% - 3:19
PK Forward
1 - 49% - 50% - 5:28
2 - 51% - 50% - 5:46
PK Defense
1 - 50% - 50% - 5:34
2 - 50% - 50% - 5:40
PK3 Forward
1 - 0% - 50%
2 - 0% - 50%
PK3 Defense
1 - 0% - 50%
2 - 0% - 50%
44 Forward
1 - 0% - 50%
2 - 0% - 50%
44 Defense
1 - 0% - 50%
2 - 0% - 50%
Last Minute Offensive - 0:24
Last Minute Defensive - 0:00
Total
Forward - 60:00
Defense - 60:00
|
Play-by-Play
1st period
0:01 of 1st period - Derek Ryan wins face-off versus Alex Newhook in neutral zone.
0:26 of 1st period - Mitchell Chaffee is hit by Klim Kostin and loses puck.
0:51 of 1st period - Wrist shot by Ryan Poehling.
0:51 of 1st period - Stopped by Keith Kinkaid without a rebound.
0:52 of 1st period - Ryan Poehling wins face-off versus Andy Andreoff in Erie Otters zone.
0:59 of 1st period - Snap shot by Colin Blackwell.
0:59 of 1st period - Stopped by Keith Kinkaid with a rebound.
1:01 of 1st period - Backhand shot by Nathan Beaulieu.
1:01 of 1st period - Shot Blocked by Paul Cotter.
1:03 of 1st period - Wrist shot by Colin Blackwell.
1:03 of 1st period - Stopped by Keith Kinkaid with a rebound.
1:05 of 1st period - Snap shot by Joel Hanley.
1:05 of 1st period - Stopped by Keith Kinkaid with a rebound.
1:07 of 1st period - Slapshot by Nathan Beaulieu.
1:07 of 1st period - Shot Misses the Net.
1:09 of 1st period - Wrist shot by Trevor Lewis.
1:09 of 1st period - Stopped by Keith Kinkaid with a rebound.
1:11 of 1st period - Backhand shot by Joel Hanley.
1:11 of 1st period - Shot Blocked by Andy Andreoff.
1:13 of 1st period - Snap shot by Nathan Beaulieu.
1:13 of 1st period - Deflect By Andy Andreoff.
1:13 of 1st period - Stopped by Keith Kinkaid without a rebound.
1:14 of 1st period - Tanner Fritz wins face-off versus Sampo Ranta in Erie Otters zone.
1:39 of 1st period - Libor Hajek is hit by Alex-Olivier Voyer and loses puck.
2:50 of 1st period - Minor Penalty to Aaron Luchuk for Roughing.
2:51 of 1st period - Alex Newhook wins face-off versus Derek Ryan in Erie Otters zone.
3:44 of 1st period - Alex Newhook is hit by Nathan Beaulieu and loses puck.
4:50 of 1st period - Penalty to Aaron Luchuk is over, Aaron Luchuk is back on ice.
5:38 of 1st period - Wrist shot by Paul Cotter.
5:38 of 1st period - Shot Blocked by Libor Hajek.
5:40 of 1st period - Snap shot by Sampo Ranta.
5:40 of 1st period - Shot Misses the Net.
5:46 of 1st period - Double Minor Penalty to Libor Hajek for High sticking.
5:47 of 1st period - Alex Newhook wins face-off versus Kaapo Kakko in Ste. Rose Royals zone.
5:48 of 1st period - Wrist shot by Mitchell Chaffee.
5:48 of 1st period - Shot Blocked by Joel Armia.
5:50 of 1st period - Slapshot by Trent Frederic.
5:50 of 1st period - Deflect By Jaycob Megna.
5:50 of 1st period - Stopped by Cayden Primeau without a rebound.
5:51 of 1st period - Kaapo Kakko wins face-off versus Alex Newhook in Ste. Rose Royals zone.
5:51 of 1st period - Kaapo Kakko is hit by Alex Newhook.
6:16 of 1st period - Off-side.
6:17 of 1st period - Joel Armia wins face-off versus Michael Eyssimont in neutral zone.
6:28 of 1st period - Snap shot by Andy Andreoff.
6:28 of 1st period - Deflect By Michael Eyssimont.
6:28 of 1st period - Stopped by Cayden Primeau with a rebound.
6:30 of 1st period - Slapshot by Alex Biega.
6:30 of 1st period - Shot Misses the Net.
6:32 of 1st period - Slapshot by Alex Biega.
6:32 of 1st period - Shot Blocked by Joel Armia.
8:03 of 1st period - Mitchell Chaffee is hit by Colin Blackwell and loses puck.
8:24 of 1st period - Michael Eyssimont is hit by Klim Kostin and loses puck.
9:46 of 1st period - Penalty to Libor Hajek is over, Libor Hajek is back on ice.
9:58 of 1st period - Abbott Girduckis is hit by Grigori Denisenko and loses puck.
10:03 of 1st period - Snap shot by Grigori Denisenko.
10:03 of 1st period - Stopped by Keith Kinkaid without a rebound.
10:04 of 1st period - Matthew Peca wins face-off versus Aaron Luchuk in Erie Otters zone.
10:16 of 1st period - Wrist shot by Brendan Perlini.
10:16 of 1st period - Stopped by Keith Kinkaid with a rebound.
10:34 of 1st period - Alex Newhook is hit by Brendan Guhle and loses puck.
11:09 of 1st period - Michael Eyssimont is hit by Mike Reilly and loses puck.
11:28 of 1st period - Alex Newhook is hit by Brendan Perlini and loses puck.
11:50 of 1st period - Aaron Luchuk is hit by Colin Blackwell.
12:00 of 1st period - Wrist shot by Grigori Denisenko.
12:00 of 1st period - Stopped by Keith Kinkaid without a rebound.
12:01 of 1st period - Grigori Denisenko wins face-off versus Andy Andreoff in Erie Otters zone.
12:30 of 1st period - Alex Newhook is hit by Kristian Vesalainen and loses puck.
12:47 of 1st period - Wrist shot by Ty Ronning.
12:47 of 1st period - Deflect By Sampo Ranta.
12:47 of 1st period - Stopped by Cayden Primeau with a rebound.
12:52 of 1st period - Off-side.
12:53 of 1st period - Derek Ryan wins face-off versus Paul Cotter in neutral zone.
13:07 of 1st period - Jaycob Megna is hit by Andy Andreoff and loses puck.
13:18 of 1st period - Alex Newhook is hit by Ryan Poehling and loses puck.
13:51 of 1st period - Double Minor Penalty to Libor Hajek for Roughing.
13:52 of 1st period - Colin Blackwell wins face-off versus Andy Andreoff in Ste. Rose Royals zone.
14:08 of 1st period - Slapshot by Jaycob Megna.
14:08 of 1st period - Stopped by Keith Kinkaid with a rebound.
14:24 of 1st period - Wrist shot by Alex Newhook.
14:24 of 1st period - Shot Blocked by Kaapo Kakko.
14:26 of 1st period - Snap shot by Trent Frederic.
14:26 of 1st period - Deflect By Alex Newhook.
14:26 of 1st period - Stopped by Cayden Primeau with a rebound.
15:57 of 1st period - Jaycob Megna is hit by Alex-Olivier Voyer and loses puck.
17:28 of 1st period - Michael Eyssimont is hit by Grigori Denisenko and loses puck.
17:51 of 1st period - Penalty to Libor Hajek is over, Libor Hajek is back on ice.
18:22 of 1st period - Sampo Ranta is hit by Kristian Vesalainen and loses puck.
19:03 of 1st period - Trent Frederic is hit by Nathan Beaulieu and loses puck.
19:10 of 1st period - Slapshot by Matthew Peca.
19:10 of 1st period - Shot Blocked by Trent Frederic.
19:30 of 1st period - Icing by Kaapo Kakko.
19:31 of 1st period - Colin Blackwell wins face-off versus Abbott Girduckis in Ste. Rose Royals zone.
19:38 of 1st period - Icing by Alex Gallant.
19:39 of 1st period - Derek Ryan wins face-off versus Abbott Girduckis in Erie Otters zone.
19:48 of 1st period - Wrist shot by Alex-Olivier Voyer.
19:48 of 1st period - Stopped by Cayden Primeau without a rebound.
19:49 of 1st period - Derek Ryan wins face-off versus Andy Andreoff in Ste. Rose Royals zone.
Goals for this period are 0 for Erie Otters vs 0 for Ste. Rose Royals.
Shots for this period are 5 for Erie Otters vs 10 for Ste. Rose Royals.
2nd period
0:01 of 2nd period - Derek Ryan wins face-off versus Andy Andreoff in neutral zone.
0:04 of 2nd period - Wrist shot by Kaapo Kakko.
0:04 of 2nd period - Stopped by Keith Kinkaid with a rebound.
0:06 of 2nd period - Snap shot by Derek Ryan.
0:06 of 2nd period - Stopped by Keith Kinkaid with a rebound.
0:08 of 2nd period - Snap shot by Joel Armia.
0:08 of 2nd period - Stopped by Keith Kinkaid with a rebound.
0:10 of 2nd period - Slapshot by Mike Reilly.
0:10 of 2nd period - Stopped by Keith Kinkaid without a rebound.
0:11 of 2nd period - Derek Ryan wins face-off versus Andy Andreoff in Erie Otters zone.
0:21 of 2nd period - Icing by Aaron Ness.
0:22 of 2nd period - Derek Ryan wins face-off versus Andy Andreoff in Erie Otters zone.
0:47 of 2nd period - Mitchell Chaffee is hit by Trevor Lewis and loses puck.
1:08 of 2nd period - Snap shot by Klim Kostin.
1:08 of 2nd period - Stopped by Keith Kinkaid with a rebound.
1:14 of 2nd period - Alec McCrea is hit by Nathan Beaulieu and loses puck.
1:35 of 2nd period - Wrist shot by Alex Gallant.
1:35 of 2nd period - Shot Blocked by Nathan Beaulieu.
1:49 of 2nd period - Wrist shot by Paul Cotter.
1:49 of 2nd period - Shot Misses the Net.
1:51 of 2nd period - Snap shot by Andy Andreoff.
1:51 of 2nd period - Goal by Andy Andreoff - Erie Otters : 1 - Ste. Rose Royals : 0.
1:52 of 2nd period - Derek Ryan wins face-off versus Alex Newhook in neutral zone.
2:41 of 2nd period - Michael Eyssimont is hit by Matthew Peca.
2:51 of 2nd period - Wrist shot by Andy Andreoff.
2:51 of 2nd period - Stopped by Cayden Primeau without a rebound.
2:52 of 2nd period - Colin Blackwell wins face-off versus Alex Newhook in Ste. Rose Royals zone.
3:22 of 2nd period - Aaron Luchuk is hit by Derek Ryan and loses puck.
3:41 of 2nd period - Backhand shot by Nathan Beaulieu.
3:41 of 2nd period - Stopped by Keith Kinkaid without a rebound.
3:42 of 2nd period - Alex Newhook wins face-off versus Grigori Denisenko in Erie Otters zone.
3:42 of 2nd period - Alex Newhook is hit by Tanner Fritz.
4:12 of 2nd period - Snap shot by Grigori Denisenko.
4:12 of 2nd period - Shot Blocked by Aaron Ness.
4:16 of 2nd period - Snap shot by Grigori Denisenko.
4:16 of 2nd period - Stopped by Keith Kinkaid with a rebound.
4:18 of 2nd period - Snap shot by Grigori Denisenko.
4:18 of 2nd period - Stopped by Keith Kinkaid without a rebound.
4:19 of 2nd period - Colin Blackwell wins face-off versus Alex Newhook in Erie Otters zone.
4:22 of 2nd period - Snap shot by Colin Blackwell.
4:22 of 2nd period - Deflect By Ryan Poehling.
4:22 of 2nd period - Stopped by Keith Kinkaid with a rebound.
4:24 of 2nd period - Wrist shot by Colin Blackwell.
4:24 of 2nd period - Shot Blocked by Mitchell Chaffee.
4:26 of 2nd period - Slapshot by Colin Blackwell.
4:26 of 2nd period - Stopped by Keith Kinkaid with a rebound.
4:28 of 2nd period - Slapshot by Jaycob Megna.
4:28 of 2nd period - Stopped by Keith Kinkaid without a rebound.
4:29 of 2nd period - Colin Blackwell wins face-off versus Alex Newhook in Erie Otters zone.
4:30 of 2nd period - Wrist shot by Trevor Lewis.
4:30 of 2nd period - Goal by Trevor Lewis - Erie Otters : 1 - Ste. Rose Royals : 1.
4:31 of 2nd period - Andy Andreoff wins face-off versus Joel Armia in neutral zone.
4:47 of 2nd period - Minor Penalty to Mike Reilly for Roughing.
4:48 of 2nd period - Alex Newhook wins face-off versus Colin Blackwell in Ste. Rose Royals zone.
5:02 of 2nd period - Snap shot by Alex Newhook.
5:02 of 2nd period - Deflect By Trent Frederic.
5:02 of 2nd period - Goal by Trent Frederic - Erie Otters : 2 - Ste. Rose Royals : 1.
5:03 of 2nd period - Alex Newhook wins face-off versus Colin Blackwell in neutral zone.
5:08 of 2nd period - Slapshot by Alex Newhook.
5:08 of 2nd period - Shot Blocked by Colin Blackwell.
5:10 of 2nd period - Wrist shot by Trent Frederic.
5:10 of 2nd period - Shot Blocked by Trevor Lewis.
5:12 of 2nd period - Snap shot by Alex Biega.
5:12 of 2nd period - Shot Blocked by Nathan Beaulieu.
5:16 of 2nd period - Wrist shot by Trent Frederic.
5:16 of 2nd period - Deflect By Mitchell Chaffee.
5:16 of 2nd period - Shot Misses the Net.
5:16 of 2nd period - Puck is out of play.
5:17 of 2nd period - Derek Ryan wins face-off versus Michael Eyssimont in Ste. Rose Royals zone.
5:22 of 2nd period - Slapshot by Joel Armia.
5:22 of 2nd period - Stopped by Keith Kinkaid with a rebound.
5:32 of 2nd period - Michael Eyssimont is hit by Joel Armia.
6:06 of 2nd period - Sampo Ranta is hit by Nathan Beaulieu and loses puck.
6:31 of 2nd period - Wrist shot by Paul Cotter.
6:31 of 2nd period - Stopped by Cayden Primeau with a rebound.
6:47 of 2nd period - Wrist shot by Tanner Fritz.
6:47 of 2nd period - Stopped by Keith Kinkaid without a rebound.
6:48 of 2nd period - Tanner Fritz wins face-off versus Abbott Girduckis in Erie Otters zone.
7:02 of 2nd period - Brendan Guhle beats up Alec McCrea.
7:02 of 2nd period - Penalty to Brendan Guhle for Fighting.
7:02 of 2nd period - Penalty to Alec McCrea for Fighting.
7:02 of 2nd period - Penalty to Alec McCrea for instigated a fight.
7:02 of 2nd period - Penalty to Alec McCrea for instigated a fight.
7:03 of 2nd period - Andy Andreoff wins face-off versus Colin Blackwell in Ste. Rose Royals zone.
7:30 of 2nd period - Alex Newhook is hit by Joel Armia and loses puck.
8:19 of 2nd period - Snap shot by Andy Andreoff.
8:19 of 2nd period - Stopped by Cayden Primeau with a rebound.
9:02 of 2nd period - Penalty to Alec McCrea is over, Alex-Olivier Voyer is send on ice.
10:04 of 2nd period - Andy Andreoff is hit by Klim Kostin and loses puck.
10:30 of 2nd period - Mike Reilly is hit by Ty Ronning and loses puck.
10:45 of 2nd period - Slapshot by Alex Gallant.
10:45 of 2nd period - Stopped by Cayden Primeau with a rebound.
10:55 of 2nd period - Derek Ryan is hit by Mitchell Chaffee and loses puck.
11:06 of 2nd period - Wrist shot by Brendan Perlini.
11:06 of 2nd period - Goal by Brendan Perlini - Erie Otters : 2 - Ste. Rose Royals : 2.
11:07 of 2nd period - Colin Blackwell wins face-off versus Alex Newhook in neutral zone.
11:18 of 2nd period - Backhand shot by Colin Blackwell.
11:18 of 2nd period - Stopped by Keith Kinkaid with a rebound.
11:37 of 2nd period - Slapshot by Brendan Perlini.
11:37 of 2nd period - Stopped by Keith Kinkaid with a rebound.
11:43 of 2nd period - Slapshot by Trent Frederic.
11:43 of 2nd period - Stopped by Cayden Primeau without a rebound.
11:44 of 2nd period - Derek Ryan wins face-off versus Andy Andreoff in Ste. Rose Royals zone.
12:22 of 2nd period - Snap shot by Ryan Poehling.
12:22 of 2nd period - Shot Misses the Net.
12:36 of 2nd period - Slapshot by Brendan Perlini.
12:36 of 2nd period - Stopped by Keith Kinkaid without a rebound.
12:37 of 2nd period - Klim Kostin wins face-off versus Abbott Girduckis in Erie Otters zone.
13:04 of 2nd period - Kaapo Kakko is hit by Mitchell Chaffee and loses puck.
13:09 of 2nd period - Wrist shot by Alex Newhook.
13:09 of 2nd period - Stopped by Cayden Primeau with a rebound.
13:15 of 2nd period - Alex Newhook is hit by Kaapo Kakko and loses puck.
13:31 of 2nd period - Slapshot by Ryan Poehling.
13:31 of 2nd period - Shot Misses the Net.
13:49 of 2nd period - Slapshot by Mike Reilly.
13:49 of 2nd period - Stopped by Keith Kinkaid with a rebound.
13:51 of 2nd period - Wrist shot by Kristian Vesalainen.
13:51 of 2nd period - Stopped by Keith Kinkaid without a rebound.
13:52 of 2nd period - Tanner Fritz wins face-off versus Aaron Luchuk in Erie Otters zone.
14:15 of 2nd period - Mike Reilly is hit by Sampo Ranta and loses puck.
14:30 of 2nd period - Backhand shot by Sampo Ranta.
14:30 of 2nd period - Shot Misses the Net.
14:32 of 2nd period - Slapshot by Kevin Davis.
14:32 of 2nd period - Stopped by Cayden Primeau with a rebound.
14:34 of 2nd period - Wrist shot by Ty Ronning.
14:34 of 2nd period - Stopped by Cayden Primeau with a rebound.
14:36 of 2nd period - Slapshot by Ty Ronning.
14:36 of 2nd period - Shot Misses the Net.
14:38 of 2nd period - Snap shot by Ty Ronning.
14:38 of 2nd period - Deflect By Joel Hanley.
14:38 of 2nd period - Stopped by Cayden Primeau with a rebound.
14:40 of 2nd period - Snap shot by Sampo Ranta.
14:40 of 2nd period - Stopped by Cayden Primeau without a rebound.
14:41 of 2nd period - Andy Andreoff wins face-off versus Derek Ryan in Ste. Rose Royals zone.
14:42 of 2nd period - Snap shot by Michael Eyssimont.
14:42 of 2nd period - Shot Misses the Net.
14:48 of 2nd period - Snap shot by Joel Armia.
14:48 of 2nd period - Stopped by Keith Kinkaid with a rebound.
14:50 of 2nd period - Wrist shot by Kaapo Kakko.
14:50 of 2nd period - Stopped by Keith Kinkaid with a rebound.
14:52 of 2nd period - Snap shot by Kaapo Kakko.
14:52 of 2nd period - Shot Misses the Net.
14:54 of 2nd period - Wrist shot by Joel Armia.
14:54 of 2nd period - Shot Misses the Net.
14:56 of 2nd period - Snap shot by Derek Ryan.
14:56 of 2nd period - Stopped by Keith Kinkaid without a rebound.
14:57 of 2nd period - Colin Blackwell wins face-off versus Alex Newhook in Erie Otters zone.
15:27 of 2nd period - Mike Reilly is hit by Kevin Davis and loses puck.
16:09 of 2nd period - Aaron Luchuk is hit by Klim Kostin and loses puck.
16:44 of 2nd period - Joel Armia is hit by Michael Eyssimont and loses puck.
16:49 of 2nd period - Snap shot by Andy Andreoff.
16:49 of 2nd period - Shot Blocked by Brendan Guhle.
16:51 of 2nd period - Snap shot by Paul Cotter.
16:51 of 2nd period - Stopped by Cayden Primeau without a rebound.
16:52 of 2nd period - Andy Andreoff wins face-off versus Colin Blackwell in Ste. Rose Royals zone.
16:57 of 2nd period - Snap shot by Andy Andreoff.
16:57 of 2nd period - Shot Misses the Net.
17:23 of 2nd period - Slapshot by Matthew Peca.
17:23 of 2nd period - Deflect By Alex Newhook.
17:23 of 2nd period - Shot Blocked by Trent Frederic.
17:23 of 2nd period - Puck is out of play.
17:24 of 2nd period - Matthew Peca wins face-off versus Alex Newhook in Erie Otters zone.
17:25 of 2nd period - Backhand shot by Brendan Perlini.
17:25 of 2nd period - Shot Blocked by Alex Biega.
17:43 of 2nd period - Wrist shot by Trent Frederic.
17:43 of 2nd period - Shot Hit the Post.
17:47 of 2nd period - Snap shot by Alex Newhook.
17:47 of 2nd period - Shot Blocked by Jaycob Megna.
17:59 of 2nd period - Wrist shot by Matthew Peca.
17:59 of 2nd period - Shot Blocked by Kevin Davis.
18:01 of 2nd period - Slapshot by Jaycob Megna.
18:01 of 2nd period - Deflect By Alex Newhook.
18:01 of 2nd period - Stopped by Keith Kinkaid without a rebound.
18:02 of 2nd period - Andy Andreoff wins face-off versus Colin Blackwell in Erie Otters zone.
19:50 of 2nd period - Kevin Davis is hit by Brendan Guhle and loses puck.
19:57 of 2nd period - Alex-Olivier Voyer is hit by Brendan Guhle and loses puck.
Goals for this period are 2 for Erie Otters vs 2 for Ste. Rose Royals.
Shots for this period are 13 for Erie Otters vs 24 for Ste. Rose Royals.
3rd period
0:01 of 3rd period - Colin Blackwell wins face-off versus Alex Newhook in neutral zone.
0:03 of 3rd period - Off-side.
0:04 of 3rd period - Colin Blackwell wins face-off versus Alex Newhook in neutral zone.
0:19 of 3rd period - Wrist shot by Trent Frederic.
0:19 of 3rd period - Shot Misses the Net.
1:04 of 3rd period - Minor Penalty to Nathan Beaulieu for High sticking.
1:05 of 3rd period - Andy Andreoff wins face-off versus Kaapo Kakko in Ste. Rose Royals zone.
1:42 of 3rd period - Icing by Alex Biega.
1:43 of 3rd period - Derek Ryan wins face-off versus Alex Newhook in Erie Otters zone.
1:56 of 3rd period - Wrist shot by Trent Frederic.
1:56 of 3rd period - Stopped by Cayden Primeau with a rebound.
1:58 of 3rd period - Wrist shot by Alex Petrovic.
1:58 of 3rd period - Shot Misses the Net.
2:00 of 3rd period - Wrist shot by Alex Newhook.
2:00 of 3rd period - Stopped by Cayden Primeau with a rebound.
2:02 of 3rd period - 10 Minutes Misconduct Penalty to Alec McCrea is over.
2:02 of 3rd period - Slapshot by Alex Biega.
2:02 of 3rd period - Shot Misses the Net.
2:04 of 3rd period - Wrist shot by Mitchell Chaffee.
2:04 of 3rd period - Stopped by Cayden Primeau with a rebound.
2:06 of 3rd period - Snap shot by Trent Frederic.
2:06 of 3rd period - Goal by Trent Frederic - Erie Otters : 3 - Ste. Rose Royals : 2.
2:07 of 3rd period - Alex Newhook wins face-off versus Colin Blackwell in neutral zone.
2:09 of 3rd period - Nathan Beaulieu and Trent Frederic fight to a draw.
2:09 of 3rd period - Penalty to Nathan Beaulieu for Fighting.
2:09 of 3rd period - Penalty to Trent Frederic for Fighting.
2:10 of 3rd period - Alex Newhook wins face-off versus Colin Blackwell in Ste. Rose Royals zone.
3:00 of 3rd period - Slapshot by Alex Biega.
3:00 of 3rd period - Stopped by Cayden Primeau without a rebound.
3:01 of 3rd period - Colin Blackwell wins face-off versus Abbott Girduckis in Ste. Rose Royals zone.
3:08 of 3rd period - Abbott Girduckis is hit by Trevor Lewis and loses puck.
3:17 of 3rd period - Snap shot by Colin Blackwell.
3:17 of 3rd period - Deflect By Ryan Poehling.
3:17 of 3rd period - Stopped by Keith Kinkaid with a rebound.
3:27 of 3rd period - Joel Armia is hit by Adam Brubacher and loses puck.
3:43 of 3rd period - Paul Cotter beats up Matthew Peca.
3:43 of 3rd period - Penalty to Matthew Peca for Fighting.
3:43 of 3rd period - Penalty to Paul Cotter for Fighting.
3:44 of 3rd period - Alex Newhook wins face-off versus Colin Blackwell in Erie Otters zone.
3:57 of 3rd period - Backhand shot by Mitchell Chaffee.
3:57 of 3rd period - Shot Misses the Net.
3:59 of 3rd period - Snap shot by Alex Newhook.
3:59 of 3rd period - Stopped by Cayden Primeau without a rebound.
4:00 of 3rd period - Derek Ryan wins face-off versus Andy Andreoff in Ste. Rose Royals zone.
4:00 of 3rd period - Derek Ryan is hit by Michael Eyssimont.
4:24 of 3rd period - Mitchell Chaffee is hit by Colin Blackwell and loses puck.
5:05 of 3rd period - Slapshot by Kristian Vesalainen.
5:05 of 3rd period - Stopped by Keith Kinkaid with a rebound.
5:21 of 3rd period - Minor Penalty to Grigori Denisenko for Tripping.
5:22 of 3rd period - Alex Newhook wins face-off versus Joel Armia in Ste. Rose Royals zone.
5:23 of 3rd period - Wrist shot by Mitchell Chaffee.
5:23 of 3rd period - Stopped by Cayden Primeau without a rebound.
5:24 of 3rd period - Kaapo Kakko wins face-off versus Alex Newhook in Ste. Rose Royals zone.
6:00 of 3rd period - Joel Armia is hit by Michael Eyssimont and loses puck.
6:47 of 3rd period - Andy Andreoff is hit by Colin Blackwell and loses puck.
7:09 of 3rd period - Penalty to Nathan Beaulieu is over, Nathan Beaulieu is back on ice.
7:21 of 3rd period - Penalty to Grigori Denisenko is over, Grigori Denisenko is back on ice.
7:27 of 3rd period - Backhand shot by Grigori Denisenko.
7:27 of 3rd period - Stopped by Keith Kinkaid without a rebound.
7:28 of 3rd period - Ryan Poehling wins face-off versus Abbott Girduckis in Erie Otters zone.
7:38 of 3rd period - Off-side.
7:39 of 3rd period - Aaron Luchuk wins face-off versus Ryan Poehling in neutral zone.
7:48 of 3rd period - Snap shot by Ty Ronning.
7:48 of 3rd period - Stopped by Cayden Primeau with a rebound.
7:50 of 3rd period - Snap shot by Aaron Luchuk.
7:50 of 3rd period - Shot Misses the Net.
7:52 of 3rd period - Backhand shot by Alec McCrea.
7:52 of 3rd period - Stopped by Cayden Primeau with a rebound.
8:16 of 3rd period - Off-side.
8:17 of 3rd period - Derek Ryan wins face-off versus Alex Newhook in neutral zone.
8:22 of 3rd period - Wrist shot by Joel Armia.
8:22 of 3rd period - Deflect By Derek Ryan.
8:22 of 3rd period - Stopped by Keith Kinkaid with a rebound.
8:27 of 3rd period - Brendan Guhle beats up Alex Petrovic.
8:27 of 3rd period - Penalty to Brendan Guhle for Fighting.
8:27 of 3rd period - Penalty to Alex Petrovic for Fighting.
8:28 of 3rd period - Derek Ryan wins face-off versus Aaron Luchuk in neutral zone.
8:33 of 3rd period - Wrist shot by Kaapo Kakko.
8:33 of 3rd period - Shot Misses the Net.
8:35 of 3rd period - Snap shot by Joel Armia.
8:35 of 3rd period - Stopped by Keith Kinkaid without a rebound.
8:36 of 3rd period - Aaron Luchuk wins face-off versus Derek Ryan in Erie Otters zone.
9:26 of 3rd period - Snap shot by Kaapo Kakko.
9:26 of 3rd period - Stopped by Keith Kinkaid with a rebound.
9:36 of 3rd period - Wrist shot by Kaapo Kakko.
9:36 of 3rd period - Shot Blocked by Ty Ronning.
9:41 of 3rd period - Minor Penalty to Ty Ronning for Hooking.
9:42 of 3rd period - Andy Andreoff wins face-off versus Colin Blackwell in Erie Otters zone.
10:10 of 3rd period - Slapshot by Colin Blackwell.
10:10 of 3rd period - Goal by Colin Blackwell - Erie Otters : 3 - Ste. Rose Royals : 3.
10:11 of 3rd period - Alex Newhook wins face-off versus Colin Blackwell in neutral zone.
10:19 of 3rd period - Minor Penalty to Trent Frederic for Hooking.
10:20 of 3rd period - Andy Andreoff wins face-off versus Derek Ryan in Erie Otters zone.
10:51 of 3rd period - Snap shot by Ryan Poehling.
10:51 of 3rd period - Shot Blocked by Andy Andreoff.
10:53 of 3rd period - Wrist shot by Trevor Lewis.
10:53 of 3rd period - Deflect By Colin Blackwell.
10:53 of 3rd period - Stopped by Keith Kinkaid with a rebound.
10:55 of 3rd period - Slapshot by Mike Reilly.
10:55 of 3rd period - Deflect By Ryan Poehling.
10:55 of 3rd period - Stopped by Keith Kinkaid with a rebound.
12:19 of 3rd period - Penalty to Trent Frederic is over, Trent Frederic is back on ice.
12:27 of 3rd period - Ty Ronning is hit by Brendan Perlini and loses puck.
13:17 of 3rd period - Klim Kostin is hit by Sampo Ranta and loses puck.
13:48 of 3rd period - Paul Cotter is hit by Tanner Fritz.
14:23 of 3rd period - Brendan Guhle is hit by Alec McCrea and loses puck.
14:41 of 3rd period - Abbott Girduckis is hit by Klim Kostin and loses puck.
15:29 of 3rd period - Aaron Ness is hit by Derek Ryan and loses puck.
15:58 of 3rd period - Icing by Jaycob Megna.
15:59 of 3rd period - Alex Newhook wins face-off versus Colin Blackwell in Ste. Rose Royals zone.
16:08 of 3rd period - Jaycob Megna is hit by Alex Biega and loses puck.
16:29 of 3rd period - Ty Ronning is hit by Matthew Peca and loses puck.
16:52 of 3rd period - Alec McCrea is hit by Joel Armia and loses puck.
17:18 of 3rd period - Jaycob Megna is hit by Andy Andreoff and loses puck.
17:52 of 3rd period - Wrist shot by Sampo Ranta.
17:52 of 3rd period - Shot Misses the Net.
18:06 of 3rd period - Joel Hanley is hit by Alex Newhook and loses puck.
18:13 of 3rd period - Alex Petrovic is hit by Mike Reilly and loses puck.
18:29 of 3rd period - Alex Newhook is hit by Ryan Poehling and loses puck.
18:40 of 3rd period - Grigori Denisenko is hit by Michael Eyssimont and loses puck.
18:47 of 3rd period - Kevin Davis is hit by Tanner Fritz and loses puck.
19:02 of 3rd period - Andy Andreoff is hit by Derek Ryan and loses puck.
19:23 of 3rd period - Snap shot by Andy Andreoff.
19:23 of 3rd period - Shot Misses the Net.
19:25 of 3rd period - Slapshot by Adam Brubacher.
19:25 of 3rd period - Shot Blocked by Brendan Guhle.
19:27 of 3rd period - Slapshot by Kevin Davis.
19:27 of 3rd period - Stopped by Cayden Primeau with a rebound.
19:29 of 3rd period - Slapshot by Adam Brubacher.
19:29 of 3rd period - Deflect By Klim Kostin.
19:29 of 3rd period - Stopped by Cayden Primeau without a rebound.
19:30 of 3rd period - Aaron Luchuk wins face-off versus Colin Blackwell in Ste. Rose Royals zone.
19:33 of 3rd period - Snap shot by Sampo Ranta.
19:33 of 3rd period - Stopped by Cayden Primeau without a rebound.
19:34 of 3rd period - Aaron Luchuk wins face-off versus Colin Blackwell in Ste. Rose Royals zone.
19:35 of 3rd period - Wrist shot by Sampo Ranta.
19:35 of 3rd period - Goal by Sampo Ranta - Erie Otters : 4 - Ste. Rose Royals : 3.
19:36 of 3rd period - Derek Ryan wins face-off versus Alex Newhook in neutral zone.
Goals for this period are 2 for Erie Otters vs 1 for Ste. Rose Royals.
Shots for this period are 13 for Erie Otters vs 9 for Ste. Rose Royals.
Back to the Top